Map: Ruines de Seras

Players

TrumSpid - Winner!

  • Race: Zerg Zerg
  • Spawn Location: 7:00

zidar

  • Race: Zerg Zerg
  • League: Silver
  • Spawn Location: 9:00

VOD

Have the link to the VOD?

Description

Time

  • Played on: Nov. 17, 2015, 2:06 p.m.
  • Length: 9:58
Show
View Real Time Build Order
Export as new Build Order

TrumSpid Zerg - Winner!

Build Orders: Hatch First 

Get SALT Encoding   

  12  0:01  Drone  
  13  0:13  Overlord  
  13  0:17  Drone  
  14  0:33  Drone x2  
  16  0:54  Hatchery  
  15  0:59  Drone  
  15  1:00  Drone  
  17  1:05  Drone  
  18  1:16  Spawning Pool  
  17  1:23  Extractor  
  16  1:26  Overlord  
  16  1:38  Drone x2  
  18  1:57  Drone  
  19  2:07  Roach Warren  
  18  2:09  Queen, Drone  
  18  2:13  Queen  
  23  2:20  Drone x2  
  25  2:25  Zergling x2  
  25  2:27  Drone  
  27  2:31  Drone  
  27  2:35  Drone  
  29  2:42  Drone x2  
  31  3:03  Drone x4  
  35  3:08  Overlord  
  35  3:19  Overlord  
  35  3:25  Extractor  
  35  3:26  Roach  
  36  3:29  Roach x4  
  44  3:37  Overlord  
  43  3:52  Drone x3  
  47  3:55  Ravager x2  
  48  4:04  Drone x4  
  48  4:06  Extractor  
  51  4:18  Drone x3  
  51  4:19  Drone x2  
  51  4:20  Drone  
  57  4:35  Roach  
  57  4:37  Overlord x2  
  59  4:38  Hatchery  
  59  4:44  Evolution Chamber  
  57  4:48  Evolution Chamber  
  57  4:51  Zergling x2  
  57  4:56  Lair  
  57  4:57  Drone  
  57  4:58  Drone x2  
  57  4:59  Extractor, Drone  
  60  5:00  Drone  
  60  5:05  Ravager x3  
  60  5:06  Ravager  
  65  5:22  Zerg Missile Weapons Level 1  
  65  5:28  Zerg Ground Armor Level 1  
  65  5:38  Drone x9  
  65  5:39  Drone  
  75  5:49  Overlord  
  75  5:55  Queen  
  77  5:57  Drone  
  77  6:04  Hydralisk Den  
  77  6:05  Roach x2  
  77  6:11  Overlord x2  
  81  6:16  Extractor, Drone x2  
  81  6:17  Extractor  
  81  6:19  Spine Crawler  
  81  6:20  Spine Crawler  
  81  6:22  Spore Crawler  
  81  6:24  Spore Crawler  
  77  6:27  Drone x2  
  77  6:28  Spore Crawler  
  77  6:29  Roach  
  77  6:30  Roach x7  
  94  6:35  Muscular Augments  
  94  6:38  Drone x2  
  96  6:44  Hydralisk x3  
  102  6:53  Hydralisk x2  
  106  7:01  Overlord x2  
  106  7:15  Overseer x2  
  106  7:20  Overseer  
  106  7:21  Pneumatized Carapace  
  106  7:23  Zerg Ground Armor Level 2, Zerg Missile Weapons Level 2  
  106  7:26  Hydralisk x2  
  110  7:46  Lurker Den  
  110  7:56  Hydralisk x5  
  120  8:08  Overlord x3  
  120  8:15  Roach  
  122  8:22  Hatchery  
  122  8:25  Ravager  
  122  8:26  Overlord x3  
  122  8:28  Roach x2, Hydralisk  
  122  8:31  Ravager x2  
  122  8:32  Ravager  
  131  8:40  Drone x2  
  131  8:41  Drone x4  
  137  8:49  Overseer x2  
  137  8:50  Overseer  
  137  8:53  Drone  
  137  8:54  Drone x4  
  142  9:00  Ravager  
Show
View Real Time Build Order
Export as new Build Order

zidar Zerg 

Build Orders: Pool First 

Get SALT Encoding   

  12  0:01  Drone  
  13  0:09  Drone  
  14  0:19  Overlord, Extractor  
  13  0:24  Drone  
  15  0:38  Drone x2  
  17  1:09  Spawning Pool  
  17  1:10  Hatchery  
  15  1:13  Drone  
  15  1:17  Extractor, Drone  
  16  1:22  Drone  
  17  1:42  Drone  
  18  1:56  Queen  
  18  1:59  Overlord  
  18  2:00  Drone  
  18  2:01  Drone  
  22  2:25  Queen  
  24  2:31  Queen  
  26  2:37  Zergling x6  
  29  2:51  Roach Warren  
  27  3:09  Drone  
  27  3:10  Drone x8  
  36  3:36  Overlord x2  
  36  4:02  Extractor  
  35  4:05  Roach x8  
  51  4:26  Lair  
  50  4:34  Overlord  
  50  4:35  Overlord  
  50  4:55  Roach  
  50  4:56  Roach x6  
  64  5:00  Ravager x2  
  66  5:30  Ravager  
  66  5:34  Overlord x2  
  67  5:40  Extractor  
  66  5:44  Drone  
  67  5:56  Hydralisk Den  
  67  5:57  Drone x14  
  80  6:11  Extractor  
  79  6:29  Hydralisk  
  79  6:30  Hydralisk  
  83  6:33  Overlord x2  
  83  6:34  Overlord  
  83  6:53  Hatchery  
  82  6:59  Hydralisk  
  82  7:00  Hydralisk x8  
  100  7:10  Drone x3  
  103  7:22  Evolution Chamber  
  102  7:23  Evolution Chamber  
  101  7:32  Ravager x3  
  101  7:36  Overlord x3  
  104  7:41  Drone  
  104  7:42  Drone x2  
  107  7:50  Zerg Missile Weapons Level 1  
  107  7:51  Zerg Ground Armor Level 1  
  107  7:53  Overseer  
  107  8:24  Queen  
  109  8:45  Drone x3  
  109  8:46  Drone x8  
  109  8:47  Drone x3  
  123  9:00  Overlord  
  123  9:01  Overlord  
Tags
 
Add a new tag
Caveats
  • Supply blocks, unpowered buildings, or Contaminate may cause inaccurate times.
  • Supply counts are checked every 10 seconds.